 Dungeon Crawl Stone Soup version 0.32-a0-42-ga30500b4d3 (webtiles) character file.

Game seed: 8564364296532319945

654374 soark the Sorcerer (level 27, 0/137 (169) HPs)
             Began as a Deep Elf Conjurer on Jan 21, 2024.
             Was the Champion of Vehumet.
             Slain by a spectral shard shrike (6 damage)
             ... on level 3 of Tartarus on Jan 28, 2024.
             The game lasted 06:33:57 (88444 turns).

soark the Sorcerer (Deep Elf Conjurer)             Turns: 88444, Time: 06:33:57

HP:   0/137 (169)   AC: 15    Str:  4    XL:     27
MP:   62/62         EV: 20    Int: 46    God:    Vehumet [******]
Gold: 6683          SH: 15    Dex: 13    Spells: 8/74 levels left

rFire   + + .        X - staff "Faitunni" {rElec MP+9 Int-2 Conj Necro Ice Air}
rCold   + . .        A - +3 buckler {AC+3}
rNeg    . . .        r - +1 robe of Dohuintira {Int+6}
rPois   +            b - +2 hat {Will+}
rElec   +            z - scarf {repulsion}
rCorr   .            e - +2 pair of gloves
SInv    .            R - +2 pair of boots {rampage}
Will    +....        Y - amulet of reflection
Stlth   ++           f - ring of Cynicism {rPois rF+ Int+3}
HPRegen 0.42/turn    h - ring of Wonder {rF+ rC+ Int+3}
MPRegen 0.38/turn

%: repel missiles, reflection, rampage
@: afraid, wreathed by umbra, silenced, heavily drained, weak-willed
A: dopey 1
}: 4/15 runes: serpentine, barnacled, slimy, silver
a: Renounce Religion


You were on level 3 of Tartarus.
You worshipped Vehumet.
Vehumet was exalted by your worship.
You visited 14 branches of the dungeon, and saw 59 of its levels.
You also visited: Ossuary, Bailey and Gauntlet.

You collected 10687 gold pieces.
You spent 4004 gold pieces at shops.

Inventory:

Hand Weapons
 B - the +8 hand axe "Ita Zysi" {drain, rCorr Dex+2}
   (You found it on level 5 of the Lair of Beasts)

   Dex+2:     It affects your dexterity (+2).
   rCorr:     It protects you from acid and corrosion.
Missiles
 m - 11 throwing nets
 J - 16 silver javelins (quivered)
Armour
 a - a +2 robe of resistance
 b - a +2 hat of willpower (worn)
 e - a +2 pair of gloves (worn)
 r - the +1 robe of Dohuintira (worn) {Int+6}
   (You found it on level 5 of the Vaults)

   Int+6:     It affects your intelligence (+6).
 z - a scarf of repulsion (worn)
 A - a +3 buckler of protection (worn)
 R - a +2 pair of boots of rampaging (worn)
Magical Staves
 X - the staff "Faitunni" (weapon) {rElec MP+9 Int-2 Conj Necro Ice Air}
   (You found it on level 4 of the Realm of Zot)

   [staff of air]

   Base accuracy: +5 Base damage: 5 Base attack delay: 1.2 This weapon's minimum
   attack delay (0.6) is reached at skill level 12.
   Int-2:     It affects your intelligence (-2).
   rElec:     It insulates you from electricity.
   MP+9:      It affects your magic capacity (+9).
   Conj:      It increases the power of your Conjurations spells.
   Necro:     It increases the power of your Necromancy spells.
   Ice:       It increases the power of your Ice spells.
   Air:       It increases the power of your Air spells.
   It falls into the 'Staves' category.
   It is a one-handed weapon.
Jewellery
 f - the ring of Cynicism (left hand) {rPois rF+ Int+3}
   (You found it on level 2 of the Dungeon)

   [ring of poison resistance]

   Int+3:     It affects your intelligence (+3).
   rF+:       It protects you from fire.
   rPois:     It protects you from poison
 g - a ring of the Octopus King {rC+ HP+2 AC+2 EV+2 SH+2}
   (You found it on level 3 of the Crypt)

   [ring of protection from cold]

   AC+2:      It affects your AC (+2).
   EV+2:      It affects your evasion (+2).
   rC+:       It protects you from cold.
   HP+2:      It affects your health (+2).
   SH+2:      It affects your SH (+2).
 h - the ring of Wonder (right hand) {rF+ rC+ Int+3}
   (You found it on level 5 of the Vaults)

   [ring of protection from cold]

   Int+3:     It affects your intelligence (+3).
   rF+:       It protects you from fire.
   rC+:       It protects you from cold.
 j - a +6 ring of intelligence
 v - the brooch of Shielding {Spirit SH+8}
   (You took it off a vault sentinel on level 5 of the Vaults)

   [amulet of guardian spirit]

   Spirit:    It causes incoming damage to be divided between your reserves of
   health and magic.
   SH+8:      It affects your SH (+8).
 E - a +4 ring of protection
 G - the ring of Ignis's Scorn {rC+ rN+++}
   (You found it on level 2 of the Depths)

   [ring of protection from cold]

   rC+:       It protects you from cold.
   rN+++:     It renders you almost immune to negative energy.
 O - a ring of resist corrosion
 Q - the ring of Tivyf {Fly rElec Dex+6}
   (You found it on level 5 of the Pits of Slime)

   [ring of dexterity]

   Dex+6:     It affects your dexterity (+6).
   rElec:     It insulates you from electricity.
   Fly:       It grants you flight.
 Y - an amulet of reflection (around neck)
Talismans
 M - a talisman of death
Wands
 y - a wand of digging (31)
 H - a wand of roots (75)
 I - a wand of quicksilver (25)
Scrolls
 c - 36 scrolls of teleportation
 l - 6 scrolls of blinking
 n - 11 scrolls of poison
 o - 9 scrolls of fog
 t - 10 scrolls of fear
 x - 7 scrolls of amnesia
 K - 5 scrolls of revelation
 T - 6 scrolls of butterflies
 U - 3 scrolls of silence
 W - 5 scrolls of torment
 Z - 4 scrolls of enchant armour
Potions
 d - 24 potions of curing
 i - 11 potions of brilliance
 k - 5 potions of heal wounds
 p - 5 potions of lignification
 q - a potion of cancellation
 s - 4 potions of resistance
 u - 3 potions of ambrosia
 w - 8 potions of enlightenment
 C - 9 potions of mutation
 D - 9 potions of haste
 F - 5 potions of invisibility
 L - 6 potions of magic
 N - 10 potions of might


   Skills:
 - Level 16.4 Fighting
 - Level 6.0 Armour
 - Level 19.2 Dodging
 - Level 2.4 Stealth
 - Level 11.0 Shields
 - Level 24.0 Spellcasting
 - Level 21.0 Conjurations
 - Level 6.0 Necromancy
 - Level 4.0 Translocations
 - Level 21.0 Fire Magic
 - Level 20.0 Ice Magic
 - Level 4.0 Air Magic
 - Level 6.1 Earth Magic
 - Level 3.0 Alchemy
 + Level 20.7 Shapeshifting


You had 8 spell levels left.
You knew the following spells:

 Your Spells              Type           Power      Damage    Failure   Level
a - Magic Dart            Conj           100%       1d8       0%          1
b - Searing Ray           Conj           100%       2d8       0%          2
c - Fulminant Prism       Conj/Alch      64%        3d26      1%          4
d - Iskenderun's Mystic   Conj/Tloc      100%       2d19      1%          4
e - Fire Storm            Conj/Fire      76%        8d19      2%          9
f - Fireball              Conj/Fire      76%        3d28      0%          5
g - Iskenderun's Battles  Conj           100%       2d15      0%          5
h - Starburst             Conj/Fire      76%        6d20      0%          6
i - Bombard               Conj/Erth      67%        9d11      1%          6
j - Sublimation of Blood  Necr           100%       N/A       1%          2
k - Freezing Cloud        Conj/Ice/Air   95%        6-21      1%          5
l - Ignition              Fire           64%        3d17      1%          8
m - Polar Vortex          Ice            75%        12d10*    3%          9

Your spell library contained the following spells:

 Spells                   Type           Power      Damage    Failure   Level
 Foxfire                  Conj/Fire      100%       2x1d9     0%          1
 Freeze                   Ice            100%       1d10      0%          1
 Kiss of Death            Conj/Necr      100%       2d13      0%          1
 Shock                    Conj/Air       100%       1d9       0%          1
 Sting                    Conj/Alch      100%       1d9       0%          1
 Ensorcelled Hibernation  Hex/Ice        100%       N/A       0%          2
 Momentum Strike          Conj/Tloc      100%       3d10      0%          2
 Scorch                   Fire           100%       2d9       0%          2
 Static Discharge         Conj/Air       100%       3-8/arc   0%          2
 Dazzling Flash           Conj/Hex       100%       N/A       0%          3
 Frozen Ramparts          Ice            100%       1d16      0%          3
 Hailstorm                Conj/Ice       100%       3d16      0%          3
 Inner Flame              Hex/Fire       100%       N/A       0%          3
 Ozocubu's Armour         Ice            100%       N/A       0%          3
 Volatile Blastmotes      Fire/Tloc      100%       2d18      0%          3
 Brom's Barrelling Bould  Conj/Erth      100%       2d11      0%          4
 Flame Wave               Conj/Fire      100%       2d21      0%          4
 Apportation              Tloc           100%       N/A       1%          1
 Necrotise                Necr           100%       1d9       1%          1
 Sandblast                Erth           100%       2d20      1%          1
 Slow                     Hex            100%       N/A       1%          1
 Summon Small Mammal      Summ           100%       N/A       1%          1
 Blink                    Tloc           100%       N/A       1%          2
 Call Imp                 Summ           100%       N/A       1%          2
 Jinxbite                 Hex            100%       N/A       1%          2
 Lesser Beckoning         Tloc           100%       N/A       1%          2
 Mercury Vapours          Alch/Air       100%       N/A       1%          2
 Call Canine Familiar     Summ           53%        N/A       1%          3
 Confusing Touch          Hex            53%        N/A       1%          3
 Fugue of the Fallen      Necr           100%       N/A       1%          3
 Gell's Gravitas          Tloc           75%        N/A       1%          3
 Mephitic Cloud           Conj/Alch/Air  100%       N/A       1%          3
 Passwall                 Erth           84%        N/A       1%          3
 Sigil of Binding         Hex            53%        N/A       1%          3
 Summon Ice Beast         Ice/Summ       100%       N/A       1%          3
 Swiftness                Air            95%        N/A       1%          3
 Teleport Other           Tloc           75%        N/A       1%          3
 Tukima's Dance           Hex            53%        N/A       1%          3
 Vampiric Draining        Necr           100%       2d13      1%          3
 Airstrike                Air            47%        2d(7-23)  1%          4
 Anguish                  Hex/Necr       45%        N/A       1%          4
 Animate Armour           Summ/Erth      100%       N/A       1%          4
 Animate Dead             Necr           100%       N/A       1%          4
 Dimensional Bullseye     Hex/Tloc       32%        N/A       1%          4
 Dispel Undead            Necr           100%       3d31      1%          4
 Ignite Poison            Fire/Alch      100%       N/A       1%          4
 Manifold Assault         Tloc           75%        N/A       1%          4
 Martyr's Knell           Necr/Summ      90%        N/A       1%          4
 Olgreb's Toxic Radiance  Alch           70%        N/A       1%          4
 Passage of Golubria      Tloc           75%        N/A       1%          4
 Sticky Flame             Fire/Alch      100%       2d15      1%          4
 Summon Blazeheart Golem  Fire/Summ      100%       N/A       1%          4
 Summon Lightning Spire   Summ/Air       84%        N/A       1%          4
 Arcjolt                  Conj/Air       77%        1d87      1%          5
 Borgnjor's Vile Clutch   Necr/Erth      52%        N/A       1%          5
 Curse of Agony           Necr           100%       N/A       1%          5
 Irradiate                Conj/Alch      64%        3d33      1%          5
 Lee's Rapid Deconstruct  Erth           42%        3d20*     1%          5
 Metabolic Englaciation   Hex/Ice        60%        N/A       1%          5
 Yara's Violent Unravell  Hex/Alch       31%        3d13      1%          5
 Conjure Ball Lightning   Conj/Air       77%        3x3d28    1%          6
 Plasma Beam              Fire/Air       65%        2x1d81    1%          6
 Sculpt Simulacrum        Ice/Alch       63%        N/A       1%          6
 Orb of Destruction       Conj           76%        9d17      1%          7
 Ozocubu's Refrigeration  Ice            75%        4d24      1%          7
 Spellforged Servitor     Conj/Summ      61%        N/A       1%          7
 Alistair's Intoxication  Alch           46%        N/A       3%          5
 Lehudib's Crystal Spear  Conj/Erth      67%        10d15     3%          8
 Cause Fear               Hex            26%        N/A       4%          4
 Summon Forest            Summ/Tloc      32%        N/A       4%          5
 Death Channel            Necr           52%        N/A       5%          6
 Eringya's Noxious Bog    Alch           35%        4d6       5%          6
 Dispersal                Tloc           37%        N/A       12%         6
 Haunt                    Necr/Summ      45%        N/A       71%         7
 Maxwell's Capacitive Co  Air            47%        ∞         75%         8
 Malign Gateway           Summ/Tloc      32%        N/A       83%         7
 Infestation              Necr           52%        N/A       93%         8
 Enfeeble                 Hex            26%        N/A       98%         7
 Summon Hydra             Summ           26%        N/A       98%         7
 Disjunction              Tloc           37%        N/A       99%         8
 Discord                  Hex            26%        N/A       100%        8
 Summon Horrible Things   Summ           26%        N/A       100%        8
 Chain Lightning          Conj/Air       77%        3d103     50%         9
 Shatter                  Erth           42%        3d33*     99%         9
 Death's Door             Necr           52%        N/A       100%        9
 Dragon's Call            Summ           26%        N/A       100%        9


Dungeon Overview and Level Annotations

Branches:
Dungeon (15/15)            Temple (1/1) D:4            Lair (5/5) D:11
 Shoals (4/4) Lair:3        Snake (4/4) Lair:3        Slime (5/5) Lair:4
    Orc (2/2) D:11            Elf (3/3) Orc:2        Vaults (5/5) D:14
  Crypt (3/3) Vaults:3       Tomb (0/3) Crypt:3      Depths (4/4) D:15
   Hell (visited)             Dis (0/7) Hell            Geh (0/7) Hell
    Coc (0/7) Hell            Tar (3/7) Hell            Zot (4/5) Depths:4
Ossuary (visited)          Bailey (visited)         Gauntlet (visited)

Altars:
Ashenzari
Cheibriados
Dithmenos
Elyvilon
Fedhas
Gozag
Hepliaklqana
Kikubaaqudgha
Makhleb
Nemelex Xobeh
Okawaru
Qazlal
Ru
Sif Muna
Trog
Uskayaw
Vehumet
Wu Jian
Xom
Yredelemnul
Zin
The Shining One
Jiyva

Shops:
D:10 !   D:11 :   D:12 ?   D:15 [   Orc:2 (=[*   Elf:1 =   Elf:3 :   Shoals:3 *
Snake:1 !=::   Vaults:5 [

Portals:
Hell: Depths:1 Depths:2 Depths:3 Depths:4
Abyss: Depths:1 Depths:3
Pandemonium: Depths:2
Ziggurat: Depths:2
Trove: Vaults:2 (give 5 scrolls of fear)

Annotations:
D:13 exclusion: orange crystal statue


Innate Abilities, Weirdness & Mutations

You are dopey. (Int -2)


Message History

The tormentor completely resists.
The bolt of negative energy misses you.
The teleport trap disappears.
The bone dragon disappears!
Aiming: Quicksilver Bolt
Press: ? - help, Shift-Dir - straight line, f/p - silent spectre
Aim: a silent spectre (silenced, moderately damaged, radiating silence, umbra, 37% to hit)
The bolt of dispelling energy misses the silent spectre.
The bolt of dispelling energy hits the bone dragon.
The bone dragon is lightly damaged.
The spectral shard shrike claws you.
You feel drained.
The tormentor calls on the powers of darkness!
Your body is wracked with pain!
The tormentor calls on the powers of darkness!
Your body is wracked with pain!
* * * LOW HITPOINT WARNING * * *
The spectral shard shrike claws you but does no damage.
The spectral shard shrike completely misses you.
The spectral shard shrike closely misses you.
The tormentor hits you but does no damage.
The tormentor barely misses you.
You block the profane servitor's attack. x2
The profane servitor hits you with a +3 whip of draining!
* * * LOW HITPOINT WARNING * * *
The profane servitor draws strength from your injuries!
You feel drained.
The profane servitor hits you with a +3 whip of draining!
* * * LOW HITPOINT WARNING * * *
You feel drained.
The eidolon gestures.
The eidolon radiates an aura of fear!
You are terrified of the eidolon!
The Tzitzimitl gestures at you.
The bolt of negative energy hits the tainted leviathan.
The tainted leviathan completely resists.
The bolt of negative energy hits the tormentor.
The tormentor completely resists.
The bolt of negative energy misses you. The putrid mouth throws miasma at you.
The foul vapour engulfs you!
* * * LOW HITPOINT WARNING * * *
The spectral shard shrike claws you.
You die...

D...... #.#
.....#.####..##
...............
...☼1......§☼#.
.°°☼☼☼☼#Z..○C§○
.°§§#C○○Z.#°☼○○
#○☼CZ○2AA○D....
#.☼☼W§○@○.2....
#..#§h§8Z.Z#...
#.☼☼○CAA○○§○..#
#.○°☼○§..§CD°.#
..○D#.2.W☼#☼☼.#
...WD..#..C☼..#
##.......☼○○☼##
#.......☼☼.##


You could see 5 bone dragons, 4 profane servitors, 6 tainted leviathans, a doom
hound (can howl, unsilenced), a Tzitzimitl (unsilenced), an eidolon (scary,
unsilenced), a putrid mouth (catching breath), a silent spectre (silencing), a
spectral iron dragon, a spectral alligator snapping turtle, a spectral spriggan
defender, a spectral stone giant, a spectral shard shrike and 3 tormentors.

Vanquished Creatures
  the Royal Jelly (Slime:5)
  A dread lich (Crypt:3)
  4 ancient liches
  Frederick (Vaults:3)
  Mennas (Vaults:2)
  Mara (Snake:3)
  Sojobo (Depths:3)
  Boris (twice) (Vaults:5 Crypt:2)
  A Killer Klown (Zot:2)
  Bai Suzhen (Vaults:2)
  Saint Roka (Snake:3)
  Geryon (Hell)
  Margery (Vaults:2)
  2 curse toes
  6 profane servitors
  12 golden dragons
  Nikola (Snake:4)
  5 bone dragons
  2 Tzitzimimeh (Tar:2)
  A doom hound (Tar:2)
  Rupert (Lair:3)
  2 tainted leviathans
  A spectral shard shrike (Tar:2)
  18 tentacled monstrosities
  Zenata (Vaults:3)
  4 liches
  A hellephant (Hell)
  A shard shrike skeleton (Crypt:1)
  A walking earthen tome (Depths:3)
  7 quicksilver dragons
  A titan (Depths:1)
  4 deep elf blademasters
  A walking divine tome (Depths:1)
  7 sphinxes
  A deep elf master archer (Elf:3)
  19 acid blobs
  A searing wretch (Vaults:2)
  Donald (Slime:1)
  6 death cobs
  2 ancient champions (Crypt:1)
  7 shadow dragons
  4 tentacled starspawn (Zot:1)
  8 tengu reavers
  Aizul (Snake:2)
  11 storm dragons
  3 revenants
  Roxanne (Snake:2)
  11 azure jellies
  10 rockslimes
  A draconian monk (Zot:3)
  The ghost of Punaxali the Severer, a journeyman MiBe of Trog (Snake:3)
  5 nagarajas (Snake:4)
  A protean progenitor (Zot:4)
  18 vault wardens
  3 draconian scorchers
  A draconian shifter (Zot:1)
  6 deep elf sorcerers
  6 fire giants
  14 frost giants
  6 balrugs
  5 iron dragons
  Louise (Snake:2)
  8 draconian knights
  2 spectral caustic shrikes
  4 caustic shrike zombies
  6 deep elf elementalists (Elf:3)
  4 draconian annihilators
  3 curse skulls
  14 ironbound preservers
  5 orc warlords
  5 reapers (Hell)
  14 quicksilver oozes
  2 ghouls (Crypt:1)
  6 draconian stormcallers
  A spriggan defender (Depths:4)
  2 caustic shrike skeletons
  5 ironbound thunderhulks
  A juggernaut skeleton (Crypt:1)
  21 very ugly things
  2 formless jellyfish
  13 stone giants
  8 vampire knights
  11 deep elf demonologists
  Nessos (D:15)
  11 putrid mouths
  9 deep elf annihilators
  7 purple draconians
  7 red draconians
  14 deep elf death magi
  7 green draconians
  8 yellow draconians
  A minotaur (Gauntlet)
  13 black draconians
  6 white draconians
  6 dire elephants
  3 lorocyprocas (Zot:1)
  7 war gargoyles
  6 spark wasps
  15 ettins
  2 eidola
  5 merfolk javelineers
  A green death (Hell)
  3 crystal guardians
  2 spectral spriggans (Tar:2)
  2 entropy weavers
  Josephine (D:13)
  7 jiangshi
  12 merfolk impalers
  9 yaktaur captains
  7 fire dragons
  8 deep elf high priests
  10 great orbs of eyes
  12 ice dragons
  3 rakshasas (Depths:3)
  2 salamander tyrants
  3 hydras (Lair:5)
  2 peacekeepers
  38 vault guards
  4 hell beasts
  2 catoblepae
  2 ogre magi
  21 centaur warriors
  7 spriggan air magi
  4 spriggan skeletons
  4 merfolk avatars
  7 anacondas
  6 ironbound frosthearts
  A death knight (Crypt:1)
  6 satyrs
  5 two-headed ogres
  5 merfolk aquamancers
  A spectral stone giant (Tar:1)
  2 alligator snapping turtles
  An anaconda (shapeshifter) (Depths:1)
  8 boulder beetles
  3 hell hogs
  A demonic crawler (Hell)
  A quicksilver ooze zombie (Crypt:2)
  A titan zombie (Crypt:1)
  6 deep troll shamans
  8 vampire magi
  6 tengu warriors
  14 naga sharpshooters
  7 deep troll earth magi
  A two-headed ogre (shapeshifter) (Zot:1)
  31 dancing weapons
  11 naga warriors
  8 death yaks (Lair:5)
  8 shock serpents
  2 shock serpents (shapeshifter) (Vaults:5)
  3 occultists
  A titan skeleton (Hell)
  2 spectral dire elephants
  7 orc high priests
  15 deep elf knights
  24 hell knights
  6 skysharks
  8 soul eaters
  Amaemon (D:9)
  2 spectral bunyips
  7 spriggan berserkers
  A sixfirhy (Depths:2)
  12 sun demons
  6 iron trolls
  3 shadow wraiths
  An anaconda zombie (Crypt:1)
  7 salamander mystics
  11 sea snakes
  24 skeletal warriors
  A death drake (shapeshifter) (Vaults:5)
  40 deep trolls
  A shadow demon (Depths:2)
  6 arcanists
  A glowing orange brain (shapeshifter) (Depths:1)
  3 flayed ghosts
  A golden dragon skeleton (Vaults:4)
  A mana viper (shapeshifter) (Zot:1)
  3 naga ritualists
  2 orb spiders (shapeshifter)
  4 glowing orange brains
  5 mana vipers
  13 phantasmal warriors
  2 spectral iron dragons (Tar:2)
  9 lindwurms
  A tengu zombie (Hell)
  10 deep elf archers
  20 orc knights
  A shadow dragon skeleton (Crypt:3)
  19 ironbound convokers
  29 harpies
  An iron dragon zombie (Hell)
  A lindwurm (shapeshifter) (D:14)
  40 ugly things
  29 deep elf pyromancers
  12 necromancers
  22 deep elf zephyrmancers
  An orc sorcerer (Orc:2)
  4 shining eyes
  A will-o-the-wisp (Zot:1)
  29 fauns
  A shining eye (shapeshifter) (Depths:1)
  2 spectral ettins (Tar:2)
  2 spectral alligator snapping turtles (Tar:1)
  9 cyclopes
  14 salamanders
  2 large abominations (Gauntlet)
  22 vault sentinels
  20 moths of wrath
  23 manticores
  4 guardian serpents
  A water nymph (shapeshifter) (Vaults:5)
  2 eyes of devastation
  A dire elephant zombie (Crypt:1)
  7 merfolk sirens
  2 centaur skeletons
  An orange demon (D:9)
  5 smoke demons
  2 water nymphs
  35 black mambas
  A black mamba (shapeshifter) (D:14)
  A stone giant skeleton (Crypt:3)
  13 naga magi
  11 elephants
  5 gargoyles
  8 rust devils (Hell)
  2 molten gargoyles (Hell)
  19 cane toads
  An eye of devastation (shapeshifter) (Zot:1)
  5 unseen horrors (Crypt:1)
  2 hellions
  2 torpor snails
  34 yaktaurs
  2 tormentors
  A catoblepas zombie (Crypt:1)
  A rime drake (shapeshifter) (Elf:1)
  A cane toad (shapeshifter) (D:13)
  4 rime drakes
  3 ice devils (Hell)
  2 spectral nagas
  7 freezing wraiths
  6 komodo dragons
  3 tengu conjurers
  A great orb of eyes zombie (Crypt:2)
  A red devil (Hell)
  5 guardian mummies
  A human skeleton (Vaults:4)
  6 trolls
  14 merfolk
  Prince Ribbit (D:5)
  6 wind drakes
  13 polar bears
  A queen bee (shapeshifter) (Zot:1)
  2 hornets
  12 blink frogs
  3 snapping turtles (shapeshifter)
  4 glass eyes
  2 harpy skeletons
  2 dream sheep (Lair:1)
  A raiju (Lair:5)
  129 slime creatures
  10 snapping turtles
  2 air elementals
  A black mamba zombie (Crypt:1)
  A slime creature (shapeshifter) (Vaults:2)
  A spectral black mamba (Tar:2)
  2 deep troll skeletons
  5 shadows (Crypt:3)
  2 spriggans (shapeshifter)
  An ushabti (Crypt:3)
  A culicivora (Vaults:3)
  44 yaks
  2 elf skeletons (Vaults:4)
  10 wyverns
  A black mamba skeleton (Crypt:3)
  An ettin skeleton (Crypt:3)
  16 wraiths
  19 water elementals
  5 golden eyes
  3 basilisks
  2 fire elementals
  A steam dragon (Lair:3)
  8 redbacks
  10 vampire mosquitoes
  A deep troll zombie (Hell)
  53 nagas
  5 wargs
  Edmund (D:6)
  3 small abominations (Gauntlet)
  5 acid dragons
  16 hell hounds (Lair:5)
  30 water moccasins
  3 naga skeletons
  11 black bears (Lair:5)
  40 orc warriors
  A black bear (shapeshifter) (D:15)
  An ice beast (D:5)
  3 sky beasts
  12 ogres
  16 laughing skulls
  3 swamp dragon skeletons
  28 wolves
  12 centaurs
  An elephant skeleton (Crypt:1)
  3 gnoll sergeants
  21 scorpions
  A wyvern zombie (Crypt:2)
  2 naga simulacra (Hell)
  5 bullfrogs
  A necrophage (Crypt:1)
  An earth elemental (Elf:1)
  15 wights
  A queen bee zombie (Crypt:1)
  16 killer bees
  6 howler monkeys (D:10)
  8 electric eels
  3 centaur zombies
  3 human zombies (Ossuary)
  18 jellies
  5 hounds
  43 orc priests
  2 sleepcaps
  A basilisk skeleton (Crypt:1)
  A gnoll bouda (D:9)
  Terence (D:2)
  4 hell rats
  3 iguanas
  36 orc wizards
  4 scorpion zombies (Ossuary)
  A boggart skeleton (Crypt:1)
  A tengu skeleton (Crypt:2)
  6 mummies
  33 gnolls
  7 adders
  A shadow imp (D:6)
  A white imp (D:7)
  6 adder zombies (Ossuary)
  A dart slug (D:1)
  2 ribbon worms
  103 orcs
  4 ball pythons
  7 endoplasms
  4 giant cockroaches
  A gnoll zombie (Ossuary)
  18 goblins
  13 hobgoblins
  2 jackals
  6 kobolds
  5 quokkas
  2 ball python zombies (Ossuary)
  10 bats
  5 frilled lizards
  A frilled lizard zombie (Crypt:2)
  A giant cockroach zombie (Crypt:1)
  A gnoll skeleton (Crypt:1)
  2 jackal zombies (Ossuary)
  An orc zombie (Ossuary)
  5 rats
  An aspiring flesh (Zot:4)
  4 butterflies
  20 fire vortices
  2 fulminant prisms
  6 starspawn tentacles (Zot:1)
2657 creatures vanquished.

Vanquished Creatures (collateral kills)
  A golden dragon (Depths:3)
  A bone dragon (Crypt:3)
  A quicksilver dragon (Zot:4)
  An acid blob (Slime:5)
  3 storm dragons
  An azure jelly (Slime:5)
  A revenant (Crypt:2)
  A frost giant (Depths:3)
  A ghoul (Crypt:1)
  2 ironbound preservers
  A very ugly thing (Depths:4)
  4 stone giants
  A vampire knight (Crypt:1)
  A deep elf death mage (Vaults:5)
  3 white draconians
  2 green draconians (Zot:3)
  A dire elephant (Vaults:2)
  A purple draconian (Zot:3)
  A spectral titan (Tar:2)
  A spark wasp (Depths:3)
  A great orb of eyes (Vaults:2)
  A spriggan skeleton (Crypt:3)
  2 arcanists
  A shadow wraith (Crypt:2)
  A deep troll (Vaults:4)
  A golden dragon skeleton (Vaults:4)
  A spriggan simulacrum (Hell)
  An ironbound convoker (Vaults:5)
  A shining eye (Slime:2)
  An ugly thing (Vaults:2)
  A naga zombie (Crypt:2)
  A centaur zombie (Hell)
  A freezing wraith (Vaults:5)
  An unseen horror (Crypt:1)
  A yaktaur (Vaults:5)
  A hellion (Tar:2)
  An alligator snapping turtle skeleton (Crypt:3)
  A harpy zombie (Crypt:1)
  A death drake skeleton (Crypt:2)
  9 slime creatures
  A redback (Vaults:5)
  A glowing shapeshifter skeleton (Vaults:4)
  A hell rat (Hell)
  2 mummies (Crypt:3)
  A butterfly (Zot:1)
64 creatures vanquished.

Vanquished Creatures (others)
  A nagaraja (Snake:4)
  A naga warrior (Snake:4)
  A deep elf zephyrmancer (Elf:2)
  A naga mage (Snake:4)
  A naga (Snake:4)
  An orc wizard (Orc:1)
  An orc (Orc:2)
  A butterfly (Zot:1)
  560 fire vortices
  6 foxfires (Zot:1)
  156 fulminant prisms
730 creatures vanquished.

Grand Total: 3451 creatures vanquished

Notes
Turn   | Place    | Note
-------+----------+-------------------------------------------
     0 | D:1      | soark the Deep Elf Conjurer began the quest for the Orb.
     0 | D:1      | Reached XP level 1. HP: 10/10 MP: 6/6
   203 | D:1      | Reached XP level 2. HP: 15/15 MP: 4/8
   342 | D:1      | Learned a level 2 spell: Searing Ray
   472 | D:1      | Reached skill level 5 in Conjurations
   965 | D:2      | Identified the ring of Cynicism {rPois rF+ Int+3}
   982 | D:2      | Reached XP level 3. HP: 19/19 MP: 5/10
  1230 | D:2      | Noticed Terence
  1235 | D:2      | Killed Terence
  1236 | D:2      | Reached skill level 4 in Spellcasting
  1314 | D:2      | Reached XP level 4. HP: 24/24 MP: 10/12
  1521 | D:3      | Learned a level 4 spell: Fulminant Prism
  1526 | D:3      | Learned a level 4 spell: Iskenderun's Mystic Blast
  1755 | D:3      | Reached XP level 5. HP: 26/28 MP: 0/14
  2542 | D:4      | Reached skill level 5 in Spellcasting
  2665 | D:4      | Reached XP level 6. HP: 32/32 MP: 7/15
  2785 | D:4      | Found a staircase to the Ecumenical Temple.
  2803 | Temple   | Entered the Ecumenical Temple
  3388 | D:4      | Found a white marble altar of Elyvilon.
  3440 | D:5      | Entered Level 5 of the Dungeon
  3440 | D:5      | Noticed a water moccasin
  3449 | D:5      | Killed a water moccasin
  3553 | D:5      | Reached XP level 7. HP: 36/36 MP: 11/16
  3787 | D:5      | Found a sacrificial altar of Ru.
  4096 | D:5      | Reached skill level 10 in Conjurations
  4291 | D:5      | Reached XP level 8. HP: 39/41 MP: 7/17
  4900 | D:5      | Noticed Prince Ribbit
  5795 | D:6      | Reached skill level 1 in Alchemy
  5809 | D:6      | Reached skill level 1 in Fighting
  5893 | D:6      | Found a sand-covered staircase.
  5898 | Ossuary  | Entered an ossuary
  6096 | Ossuary  | Reached skill level 6 in Spellcasting
  6489 | Ossuary  | Reached XP level 9. HP: 48/48 MP: 12/20
  6858 | D:6      | Reached skill level 7 in Spellcasting
  6872 | D:6      | Reached skill level 5 in Dodging
  7046 | D:6      | Noticed Edmund
  7075 | D:6      | Killed Edmund
  7091 | D:6      | Reached skill level 8 in Spellcasting
  8571 | D:7      | Got Ylaqo Goe's Handbook of Loathsome Dislocation
  8861 | D:7      | Reached skill level 9 in Spellcasting
  8992 | D:8      | Found a flagged portal.
  9006 | D:8      | Reached XP level 10. HP: 58/58 MP: 14/25
  9016 | Bailey   | Entered a bailey
  9159 | Bailey   | Reached skill level 1 in Translocations
  9959 | Bailey   | Reached skill level 5 in Fighting
 10244 | Bailey   | Learned a level 3 spell: Teleport Other
 10313 | D:8      | Found an iron altar of Okawaru.
 10313 | D:8      | Found a radiant altar of Vehumet.
 10318 | D:8      | Became a worshipper of Vehumet
 10431 | D:8      | Found a shimmering blue altar of Sif Muna.
 10856 | D:8      | Noticed a two-headed ogre
 10869 | D:8      | Noticed a gargoyle
 10874 | D:8      | Killed a two-headed ogre
 10887 | D:8      | Reached skill level 11 in Spellcasting
 10887 | D:8      | Reached XP level 11. HP: 51/67 MP: 25/28
 10888 | D:8      | Noticed a two-headed ogre
 10895 | D:8      | Killed a two-headed ogre
 10972 | D:8      | Found the +6 shillelagh "Devastator" {shatter}
 11724 | D:9      | Reached * piety under Vehumet
 11724 | D:9      | Offered knowledge of Sting by Vehumet.
 11840 | D:9      | Noticed Amaemon
 11853 | D:9      | Killed Amaemon
 11859 | D:9      | Reached XP level 12. HP: 23/74 MP: 0/29
 12087 | D:9      | Offered knowledge of Sandblast by Vehumet.
 12089 | D:9      | Reached ** piety under Vehumet
 12199 | D:10     | Entered Level 10 of the Dungeon
 12389 | D:10     | Found a glowing golden altar of the Shining One.
 12493 | D:10     | Found Mewaol's Distillery.
 12503 | D:10     | Bought a potion of heal wounds for 75 gold pieces
 12616 | D:10     | Got Hogeoc's Codex of the Nival Atmosphere
 12836 | D:10     | Found a runed translucent door.
 12838 | D:10     | Found a runed translucent door.
 13359 | D:11     | Found Keakh's Self-Published Books.
 13373 | D:11     | You fall into a shaft and drop 1 floor!
 13561 | D:12     | Found Naitops's Magic Scroll Shop.
 14966 | D:11     | Offered knowledge of Inner Flame by Vehumet.
 15167 | D:11     | Found a staircase to the Orcish Mines.
 15457 | D:11     | Found a staircase to the Lair.
 15747 | Lair:1   | Entered Level 1 of the Lair of Beasts
 15761 | Lair:1   | Reached *** piety under Vehumet
 16075 | D:11     | Found Keakh's Self-Published Books.
 16187 | D:11     | Found a staircase to the Lair.
 16758 | D:11     | Found a staircase to the Orcish Mines.
 16767 | Orc:1    | Entered Level 1 of the Orcish Mines
 17008 | D:11     | Bought the Parchment of the Full Count for 864 gold pieces
 17014 | D:11     | Learned a level 5 spell: Fireball
 17020 | D:11     | Learned a level 5 spell: Iskenderun's Battlesphere
 17204 | Orc:2    | Entered Level 2 of the Orcish Mines
 17204 | Orc:2    | Noticed an ettin
 17204 | Orc:2    | Found a staircase to the Elven Halls.
 17204 | Orc:2    | Found Wahoss's General Store.
 17209 | Orc:2    | Noticed an orc high priest
 17214 | Orc:1    | Killed an ettin
 17355 | Orc:2    | Offered knowledge of Ignite Poison by Vehumet.
 17355 | Orc:2    | Noticed an ettin
 17357 | Orc:2    | Killed an orc high priest
 17933 | D:12     | Reached skill level 1 in Fire Magic
 18041 | D:13     | Noticed a boulder beetle
 18046 | D:13     | Noticed a centaur warrior
 18222 | Lair:1   | Reached XP level 13. HP: 69/82 MP: 4/30
 18700 | Lair:1   | Reached skill level 10 in Fighting
 18852 | Lair:1   | Reached **** piety under Vehumet
 18988 | Lair:1   | Offered knowledge of Flame Wave by Vehumet.
 19636 | Lair:1   | Identified the +9 demon whip of Yesterday {venom, rElec
                  | Dex+5}
 20268 | Lair:2   | Reached skill level 5 in Fire Magic
 20900 | Lair:2   | Reached skill level 12 in Spellcasting
 21419 | Lair:3   | Reached skill level 15 in Dodging
 21597 | Lair:3   | Reached ***** piety under Vehumet
 21658 | Lair:3   | Offered knowledge of Starburst by Vehumet.
 21666 | Lair:3   | Learned a level 6 spell: Starburst
 21824 | Lair:3   | Found a staircase to the Shoals.
 21830 | Lair:3   | Noticed Rupert
 21847 | Lair:3   | Paralysed by Rupert for 5 turns
 21852 | Lair:3   | Killed Rupert
 22098 | Lair:3   | Found a staircase to the Snake Pit.
 22264 | Lair:3   | Found a transporter.
 22268 | Lair:3   | Found a transporter.
 22566 | D:8      | Got Sif Muna's Tome of Existentialism
 22568 | D:8      | Got Sif Muna's Thoughts on Phlogiston
 22571 | D:8      | Got Sif Muna's Treatise on the Tektite
 22676 | D:5      | Killed Prince Ribbit
 23667 | Lair:4   | Reached XP level 14. HP: 90/90 MP: 19/32
 23988 | Lair:4   | Found a viscous altar of Jiyva.
 23994 | Lair:4   | Found a staircase to the Slime Pits.
 24187 | Lair:4   | Reached skill level 13 in Spellcasting
 25223 | Lair:4   | Identified the +6 short sword "Wiym" {speed, rPois rC-
                  | MP+9}
 25227 | Lair:4   | Identified the +10 spear of World's End {heavy, rC+}
 25572 | Lair:5   | Entered Level 5 of the Lair of Beasts
 25579 | Lair:5   | Offered knowledge of Bombard by Vehumet.
 25829 | Lair:5   | Identified the +8 hand axe "Ita Zysi" {drain, rCorr Dex+2}
 26652 | Lair:5   | Reached skill level 14 in Spellcasting
 27537 | Lair:5   | Reached XP level 15. HP: 96/96 MP: 23/35
 27539 | Lair:5   | Reached skill level 1 in Armour
 28940 | Orc:2    | Found Vougrann's Jewellery Shop.
 28985 | Orc:2    | Reached ****** piety under Vehumet
 29075 | Orc:2    | Learned a level 6 spell: Bombard
 29096 | Orc:2    | Found Lodeffacw's Antique Armour Shoppe.
 29437 | Orc:2    | Found Beedgh's Antique Weapon Shoppe.
 29988 | Orc:2    | Bought a glowing hat for 245 gold pieces
 29988 | Orc:2    | Bought a pair of glowing gloves for 262 gold pieces
 30490 | Elf:1    | Entered Level 1 of the Elven Halls
 30579 | Elf:1    | Offered knowledge of Spellforged Servitor by Vehumet.
 30583 | Elf:1    | Reached skill level 15 in Spellcasting
 30928 | D:13     | Reached skill level 15 in Conjurations
 31925 | D:13     | Noticed Josephine
 31928 | D:13     | Killed Josephine
 32419 | D:14     | Reached skill level 1 in Shields
 32419 | D:14     | Reached skill level 1 in Earth Magic
 33065 | D:14     | Found a gate to the Vaults.
 33594 | D:15     | Entered Level 15 of the Dungeon
 33612 | D:15     | Reached XP level 16. HP: 96/103 MP: 18/37
 33986 | D:15     | Found a gate leading to a gauntlet.
 34006 | Gauntlet | Entered a Gauntlet
 34006 | Gauntlet | Found a transporter.
 34006 | Gauntlet | Found a transporter.
 34006 | Gauntlet | Found a transporter.
 34057 | Gauntlet | Found a transporter.
 34058 | Gauntlet | Found a transporter.
 34061 | Gauntlet | Found a transporter.
 34073 | Gauntlet | Found a transporter.
 34074 | Gauntlet | Found a transporter.
 34076 | Gauntlet | Found a transporter.
 34076 | Gauntlet | Found a transporter.
 34083 | Gauntlet | Found a runed translucent door.
 34083 | Gauntlet | Found a runed translucent door.
 34085 | Gauntlet | Found a transporter.
 34085 | Gauntlet | Found a transporter.
 34405 | Gauntlet | Found the +8 whip "Snakebite" {venom, curare, rPois}
 34467 | D:15     | Found Tyte's Armour Boutique.
 34520 | D:15     | Reached skill level 5 in Armour
 34630 | D:15     | Offered knowledge of Orb of Destruction by Vehumet.
 35049 | D:15     | Noticed Nessos
 35052 | D:15     | Killed Nessos
 35196 | D:15     | Reached skill level 5 in Shields
 35270 | D:15     | Found a staircase to the Depths.
 36182 | Snake:1  | Entered Level 1 of the Snake Pit
 36476 | Snake:1  | Found Vozah's Distillery.
 36485 | Snake:1  | Bought a potion of magic for 128 gold pieces
 37017 | Snake:1  | Found Ziykua's Jewellery Shop.
 37017 | Snake:1  | Found Qubriamu's Book Emporium.
 37018 | Snake:1  | Found Cedyeqiy's Book Emporium.
 37030 | Snake:1  | Bought Zukiddao's Compilation of the Blizzard for 448 gold
                  | pieces
 37030 | Snake:1  | Bought a book of Blood for 392 gold pieces
 37033 | Snake:1  | Learned a level 2 spell: Sublimation of Blood
 37039 | Snake:1  | Learned a level 5 spell: Freezing Cloud
 37169 | Snake:2  | Noticed Roxanne
 37295 | Snake:2  | Identified the serpent talisman of the Akabeko {rElec Will+
                  | Dex+2}
 37295 | Snake:2  | Noticed Aizul
 37300 | Snake:2  | Killed Aizul
 37301 | Snake:2  | Reached skill level 1 in Necromancy
 37434 | Snake:2  | Reached skill level 1 in Air Magic
 38398 | Snake:2  | Noticed Louise
 38492 | Snake:2  | Killed Louise
 38821 | Snake:2  | Offered knowledge of Irradiate by Vehumet.
 38848 | Snake:2  | Reached skill level 5 in Necromancy
 39710 | Snake:2  | Killed Roxanne
 39948 | Snake:3  | Reached skill level 16 in Spellcasting
 40336 | Snake:3  | Reached XP level 17. HP: 100/108 MP: 25/39
 40581 | Snake:3  | Found a runed translucent gate.
 40581 | Snake:3  | Found a runed translucent gate.
 40584 | Snake:3  | Found a runed translucent gate.
 40587 | Snake:3  | Noticed Punaxali's ghost (journeyman MiBe)
 40594 | Snake:3  | Killed Punaxali's ghost
 40603 | Snake:3  | Identified the ring "Ciny" {Fly Str+2}
 40633 | Snake:3  | Noticed Saint Roka
 40865 | Snake:3  | Noticed Mara
 40881 | Snake:3  | Killed Saint Roka
 41170 | Snake:3  | Noticed soark's illusion
 41439 | Snake:3  | Killed Mara
 42070 | Snake:4  | Entered Level 4 of the Snake Pit
 42593 | Snake:4  | Offered knowledge of Lee's Rapid Deconstruction by Vehumet.
 42684 | Snake:4  | Noticed Nikola
 42712 | Snake:4  | Killed Nikola
 43298 | Snake:4  | Reached skill level 5 in Earth Magic
 43691 | Snake:4  | Reached skill level 17 in Spellcasting
 43706 | Snake:4  | Reached skill level 10 in Shields
 43941 | Snake:4  | Got a serpentine rune of Zot
 44198 | Shoals:1 | Entered Level 1 of the Shoals
 44872 | D:11     | Bought the Papyrus of Crowd Control for 608 gold pieces
 44872 | D:11     | Upgraded the game from 0.32-a0-35-gd9ff480968 to
                  | 0.32-a0-38-gb04dd89b9b
 45804 | Elf:1    | Reached skill level 10 in Fire Magic
 45809 | Elf:1    | Reached XP level 18. HP: 84/114 MP: 5/41
 46065 | Elf:1    | Got the Secrets of Summoned Forces
 46134 | Elf:1    | Found Ycaextu's Jewellery Shop.
 46655 | Elf:2    | Offered knowledge of Lehudib's Crystal Spear by Vehumet.
 46986 | Elf:2    | Reached skill level 18 in Spellcasting
 47024 | Elf:2    | Found a runed translucent gate.
 47025 | Elf:2    | Found a runed translucent gate.
 47025 | Elf:2    | Found a runed translucent gate.
 47243 | Elf:2    | Found a shimmering altar of Xom.
 47374 | Elf:2    | Learned a level 8 spell: Ignition
 48527 | Elf:3    | Entered Level 3 of the Elven Halls
 49221 | Elf:3    | Found Ymayxzy's Book Emporium.
 49344 | Elf:3    | Reached skill level 19 in Spellcasting
 49348 | Elf:3    | Offered knowledge of Fire Storm by Vehumet.
 49348 | Elf:3    | Offered knowledge of Shatter by Vehumet.
 49348 | Elf:3    | Offered knowledge of Chain Lightning by Vehumet.
 49974 | Elf:3    | Reached skill level 20 in Spellcasting
 50099 | Elf:3    | Reached XP level 19. HP: 119/119 MP: 33/45
 51034 | Elf:3    | Identified the +9 arbalest of Watchfulness {flame, rF+
                  | Will+ Stlth+}
 51045 | Elf:3    | Identified the +9 shortbow "Laoxtiat" {speed, SInv Stlth+}
 51052 | Elf:3    | Identified the +3 morningstar of Wrath {spect, rElec Str+3}
 51054 | Elf:3    | Got the Precepts of the Tektite and Hypothermia
 51059 | Elf:3    | Got the Incunable of Freezing
 51100 | Elf:3    | Identified the +3 sling of Chaos {flame, ^Contam *Corrode
                  | MP+9 Dex+5}
 51118 | Elf:3    | Got the Quarto of the Akashic Union
 51119 | Elf:3    | Identified the staff of Friendship {^Drain rPois Dex+3 SInv
                  | Alchemy}
 53068 | Shoals:2 | Reached skill level 21 in Spellcasting
 53837 | Shoals:3 | Reached skill level 15 in Fire Magic
 54012 | Shoals:3 | Found Loenuet's General Store.
 54031 | Shoals:3 | Learned a level 9 spell: Fire Storm
 54703 | Shoals:4 | Entered Level 4 of the Shoals
 55039 | Shoals:4 | Got a barnacled rune of Zot
 55066 | Shoals:4 | Reached XP level 20. HP: 120/124 MP: 47/47
 55309 | Shoals:4 | Identified the +5 shortbow of Conflict {heavy, rCorr}
 56112 | Vaults:1 | Entered Level 1 of the Vaults
 56505 | Vaults:1 | Identified 3 scrolls of acquirement
 58703 | Vaults:2 | Got the Codex of Incineration
 58735 | Vaults:2 | Noticed Mennas
 58740 | Vaults:2 | Killed Mennas
 58747 | Vaults:2 | Noticed Bai Suzhen
 58751 | Vaults:2 | Killed Bai Suzhen
 58904 | Vaults:2 | Found the +5 scythe "Finisher" {speed, execute}
 59189 | Vaults:2 | Found a portal to a secret trove of treasure.
 59259 | Vaults:2 | Reached XP level 21. HP: 88/129 MP: 31/48
 59564 | Vaults:2 | Noticed Margery
 59570 | Vaults:2 | Killed Margery
 60021 | Vaults:3 | Identified the orb of Daadedgh {light, -Tele Fly Int+2}
 60021 | Vaults:3 | Noticed Frederick
 60025 | Vaults:3 | Killed Frederick
 60189 | Vaults:3 | Found a basalt altar of Yredelemnul.
 60191 | Vaults:3 | Found a staircase to the Crypt.
 60192 | Vaults:3 | Found an ancient bone altar of Kikubaaqudgha.
 60508 | Vaults:3 | Noticed Zenata
 60511 | Vaults:3 | Killed Zenata
 61202 | Vaults:3 | Reached skill level 22 in Spellcasting
 61449 | Vaults:3 | Found the +8 orange crystal plate armour {Archmagi, Int+3
                  | Clar}
 63100 | Vaults:5 | Entered Level 5 of the Vaults
 63100 | Vaults:5 | Noticed Boris
 63102 | Vaults:5 | Reached XP level 22. HP: 135/135 MP: 50/50
 63107 | Vaults:5 | Killed Boris
 63123 | Vaults:5 | Reached skill level 23 in Spellcasting
 63138 | Vaults:5 | Noticed an ancient lich
 63140 | Vaults:5 | Killed an ancient lich
 63146 | Vaults:5 | Reached skill level 24 in Spellcasting
 63154 | Vaults:5 | Noticed a golden dragon
 63156 | Vaults:5 | Reached skill level 1 in Ice Magic
 63156 | Vaults:5 | Killed a golden dragon
 63377 | Vaults:5 | Identified the +1 robe of Dohuintira {Int+6}
 63442 | Vaults:5 | Identified the +0 leather armour "Sanluf" {Rampage rC+
                  | Str+3 Dex+3}
 63474 | Vaults:5 | Noticed a golden dragon
 63476 | Vaults:5 | Killed a golden dragon
 63561 | Vaults:5 | Found Huruinwicho's Antique Armour Emporium.
 63569 | Vaults:5 | Bought a dazzling buckler for 427 gold pieces
 63569 | Vaults:5 | Identified the +0 buckler of Disaster {Int-2 Dex+5} (You
                  | bought it in a shop on level 5 of the Vaults)
 63651 | Vaults:5 | Reached skill level 5 in Ice Magic
 63686 | Vaults:5 | Identified the +3 orcbow of Acial {heavy, ^Contam ^Fragile
                  | Fly Str+8}
 63747 | Vaults:5 | Got a silver rune of Zot
 63888 | Vaults:5 | Identified the ring of Wonder {rF+ rC+ Int+3}
 63890 | Vaults:5 | Identified the amulet of Xom's Full Attention {Regen+ Str+3
                  | Int-5 Dex+3 Slay+3}
 63962 | Vaults:5 | Got the Octavo of Fulgurous Cinders
 63965 | Vaults:5 | Got the Treatise on Vapourous Wildfire
 64135 | Vaults:5 | Identified the +4 morningstar "Ogreslayer" {antimagic,
                  | rCorr}
 64793 | D:15     | Acquired a book of Dangerous Friends
 64795 | D:15     | Acquired the +0 cloak of Lugonu's Approval {rPois Dex+3}
 64799 | D:15     | Acquired 901 gold pieces
 64812 | Depths:1 | Entered Level 1 of the Depths
 64836 | Depths:1 | Found a one-way gate to the infinite horrors of the Abyss.
 65079 | Depths:1 | Reached XP level 23. HP: 141/141 MP: 30/53
 65152 | Depths:1 | Found a gateway to Hell.
 65944 | Depths:1 | Identified the +0 ice dragon scales of Watchfulness {rF-
                  | rC++ Will- Dex+9 SInv Stlth-}
 66601 | Depths:2 | Identified the +9 shortbow "Poxku" {heavy, Fly}
 67109 | Depths:2 | Found a one-way gateway to a ziggurat.
 67118 | Depths:2 | Identified the ring of Ignis's Scorn {rC+ rN+++}
 68184 | Depths:2 | Found a one-way gate leading to the halls of Pandemonium.
 68810 | Depths:3 | Identified the +2 morningstar of Blood-Lust {flame, rElec
                  | rPois MP-9 SInv}
 68854 | Depths:3 | Reached skill level 15 in Fighting
 68876 | Depths:3 | Reached skill level 10 in Ice Magic
 69391 | Depths:3 | Identified the +6 battleaxe "Violamun" {holy, rF+ rN+
                  | Dex+2}
 69455 | Depths:3 | Noticed Sojobo
 69461 | Depths:3 | Killed Sojobo
 69831 | Depths:3 | Reached XP level 24. HP: 151/151 MP: 35/53
 70279 | Depths:4 | Entered Level 4 of the Depths
 70279 | Depths:4 | Noticed an ancient lich
 70284 | Depths:4 | Killed an ancient lich
 70519 | Hell     | Entered the Vestibule of Hell
 70519 | Hell     | Noticed Geryon
 70525 | Hell     | Killed Geryon
 71290 | Depths:4 | Found a gate to the Realm of Zot.
 71388 | Depths:4 | Found a stormy altar of Qazlal.
 71855 | Depths:2 | Upgraded the game from 0.32-a0-38-gb04dd89b9b to
                  | 0.32-a0-40-g2adb59ae06
 71878 | Depths:2 | Upgraded the game from 0.32-a0-40-g2adb59ae06 to
                  | 0.32-a0-42-ga30500b4d3
 71940 | Zot:1    | Entered Level 1 of the Realm of Zot
 71946 | Zot:1    | Reached skill level 1 in Shapeshifting
 72573 | Zot:1    | Reached skill level 5 in Shapeshifting
 72913 | Zot:1    | Reached skill level 15 in Ice Magic
 73574 | Zot:2    | Noticed a Killer Klown
 73576 | Zot:2    | Killed a Killer Klown
 73577 | Zot:2    | Reached XP level 25. HP: 131/159 MP: 33/53
 75001 | Zot:3    | Identified the +0 cloak of Hagyurph {Fly rN++ Dex-4 Slay+2}
 75367 | Zot:3    | Reached skill level 10 in Shapeshifting
 77522 | Zot:4    | Identified the staff "Faitunni" {rElec MP+9 Int-2 Conj
                  | Necro Ice Air}
 78168 | Crypt:1  | Entered Level 1 of the Crypt
 78826 | Crypt:1  | Reached XP level 26. HP: 164/164 MP: 44/53
 79223 | Crypt:2  | Noticed Boris
 79224 | Crypt:2  | Killed Boris
 79635 | Crypt:2  | Found an ancient bone altar of Kikubaaqudgha.
 80155 | Crypt:3  | Entered Level 3 of the Crypt
 80955 | Crypt:3  | Learned a level 9 spell: Polar Vortex
 81771 | Crypt:3  | Found an ancient bone altar of Kikubaaqudgha.
 81799 | Crypt:3  | Noticed a dread lich
 81801 | Crypt:3  | Killed a dread lich
 81947 | Crypt:3  | Identified the +9 battleaxe of the Jumping Sybil {flame,
                  | rCorr Dex+4}
 81953 | Crypt:3  | Noticed an ancient lich
 81955 | Crypt:3  | Killed an ancient lich
 82206 | Crypt:3  | Got Gloorx Vloq's Folio of Lamentation
 82381 | Crypt:3  | Reached skill level 15 in Shapeshifting
 82548 | Crypt:3  | Found a staircase to the Tomb.
 82549 | Crypt:3  | Noticed an ancient lich
 82557 | Crypt:3  | Killed an ancient lich
 82827 | Crypt:3  | Found the ring of the Octopus King
 82838 | Crypt:3  | Identified a ring of the Octopus King {rC+ HP+2 AC+2 EV+2
                  | SH+2}
 83362 | Slime:1  | Entered Level 1 of the Pits of Slime
 83410 | Slime:1  | Noticed Donald
 83413 | Slime:1  | Killed Donald
 83497 | Slime:1  | Gained mutation: You are dopey. (Int -2) [a shining eye]
 85399 | Slime:5  | Entered Level 5 of the Pits of Slime
 85430 | Slime:5  | Noticed the Royal Jelly
 85433 | Slime:5  | Killed the Royal Jelly
 85455 | Slime:5  | Got a slimy rune of Zot
 85532 | Slime:5  | Identified the ring "Zikougo" {rPois Will+}
 85540 | Slime:5  | Got the Tome of Plutonic Elsewhere
 85543 | Slime:5  | Identified the +2 hand axe of the Desolation of Salt
                  | {protect, rF++ rCorr}
 85555 | Slime:5  | Identified the +12 hand axe of Okawaru {vamp, rPois}
 85754 | Slime:5  | Identified the +2 scale mail of the Lion {rPois MP+9 Str+2
                  | Int-2}
 85761 | Slime:5  | Identified the +0 robe of Falyello {rCorr}
 85762 | Slime:5  | Identified the ring "Rizaucw" {rElec rN+ Int-5 Slay+4 SInv}
 85768 | Slime:5  | Identified the ring of Tivyf {Fly rElec Dex+6}
 86385 | Orc:2    | Bought a smouldering dagger for 259 gold pieces
 86385 | Orc:2    | Identified the +5 dagger of the Whale {spect, rCorr} (You
                  | bought it in a shop on level 2 of the Orcish Mines)
 86385 | Orc:2    | Bought a twisted spear for 296 gold pieces
 86385 | Orc:2    | Identified the +4 spear of Rik Zeuk {protect, Int+3} (You
                  | bought it in a shop on level 2 of the Orcish Mines)
 86794 | Hell     | Reached XP level 27. HP: 150/169 MP: 53/53
 86796 | Hell     | Found a gateway to the freezing wastes of Cocytus.
 87282 | Hell     | Found a gateway to the ashen valley of Gehenna.
 87358 | Hell     | Found a gateway to the Iron City of Dis.
 87483 | Hell     | Found a gateway to the decaying netherworld of Tartarus.
 87570 | Tar:1    | Entered Level 1 of Tartarus
 88444 | Tar:3    | HP: 6/137 [putrid mouth/foul vapour (16)]
 88444 | Tar:3    | Slain by a spectral shard shrike

Illustrated notes

Levels and vault maps discovered:
D:1:      minmay_arrival_doors, layout_basic
D:2:      layout_rooms, uniq_terence
D:3:      layout_basic
D:4:      layout_basic, kennysheep_mini, minmay_temple_entry_mini_moons
D:5:      old_forge, layout_basic, nicolae_ru_awakened_eye,
          roderic_three_in_a_row, uniq_prince_ribbit1
D:6:      layout_basic, enter_ossuary_2, uniq_edmund
D:7:      layout_gridville
D:8:      layout_basic, nicolae_sif_muna_little_library,
          nicolae_overflow_two_pavilions, enter_bailey_4,
          dilly_guarded_unrand_devastator
D:9:      layout_cross, uniq_amaemon
D:10:     lemuel_insect_pit, layout_grid_maze,
          mainiacjoe_overflow_concentric_impassable, serial_shops,
          nicolae_shop_stone
D:11:     layout_irregular_city, lair_entry_dummy, erik_orc_2, hex_medium,
          serial_library_hellmonk_reading_circle, nicolae_custom_books,
          kennysheep_generic_room_16
D:12:     layout_long_grid, serial_shops, nicolae_take_the_stairs,
          grunt_decor_cap, nicolae_titane
D:13:     layout_basic, minmay_statue_bubble, uniq_josephine
D:14:     layout_rooms, david_vaults_4, kennysheep_boxes
D:15:     grunt_enter_depths_hoard, layout_loops_corners,
          gauntlet_entry_generic, serial_park_gazebo
          [serial_park_minivault_5x5_1], serial_shops, shop, uniq_nessos
Temple:   nicolae_temple_x_marks_the_god
Lair:1:   minmay_guarded_unrand_snakebite, layout_chaotic_city
Lair:2:   layout_cellular_growth
Lair:3:   gammafunk_boulding_lane, layout_regular_city, shoals_dummy_entry,
          minmay_snake_entry_six_corridors, serial_bayou_shore_b,
          infiniplex_staircase_pool_2, uniq_rupert
Lair:4:   layout_regular_city, minmay_slime_entry_jelly_boxes,
          minmay_lindwurm_lava
Lair:5:   hangedman_lair_caniforms_friends, layout_long_grid,
          hangedman_lair_in_review, st_stairs_9, serial_bayou_shore_a
Shoals:1: layout_shoals, centaur_isle
Shoals:2: layout_shoals
Shoals:3: cheibrodos_shoals_epimethial_gifts, layout_shoals, serial_shops, shop
Shoals:4: shoals_end_simple, layout_shoals
Snake:1:  layout_onion, serial_shops, shop_statue, minmay_shop_grove,
          lemuel_fruit_tree
Snake:2:  layout_layer_cave, grunt_megastairs_2, uniq_louise, uniq_roxanne,
          uniq_aizul
Snake:3:  layout_gridlike, ebering_ghost_rock_garden, uniq_saint_roka, uniq_mara
Snake:4:  minmay_snake_end_coiled, layout_misc_corridors, grunt_megastairs_5,
          uniq_nikola
Slime:1:  layout_caves, uniq_donald
Slime:2:  layout_caves
Slime:3:  layout_caves, cheibrodos_slime_lost_civilization_4
Slime:4:  layout_caves, uniq_dissolution
Slime:5:  slime_pit_nicolae_trefoil
Orc:1:    layout_caves, mines1_david
Orc:2:    grunt_orc_gardens, layout_caves, grunt_orc_garden, grunt_orc_garden,
          grunt_orc_garden, grunt_orc_garden, minmay_orc_temple_c
Elf:1:    layout_gridlike, serial_shops, shop, minmay_elf_sorcery
Elf:2:    nicolae_elf_blades_crystal_corner, layout_geoelf_octagon, basic_altar
Elf:3:    minmay_elf_hall_hex, layout_onion_city, serial_shops, shop,
          minivault_23
Vaults:1: nicolae_vaults_offset_grid_hallway_2, nicolae_vaults_meeting,
          nicolae_vaults_lightning_bolt, hangedman_vaults_hat,
          hangedman_vaults_slither, nicolae_vaults_big_ls,
          layout_vaults_omnigrid
Vaults:2: nicolae_vaults_murder_corner, nicolae_vaults_steering_wheel,
          nicolae_vaults_disjoint_gnomons, vaults_dpeg_emergency_exit,
          nicolae_vaults_six-pack, nicolae_vaults_tetromino_T_2,
          nicolae_vaults_weapon_check, nicolae_vaults_alarming,
          grunt_vaults_diagonal, vaults_room_grid,
          nicolae_vaults_hexular_roomagon, nicolae_vaults_mini_display_case,
          v_alt_pattern_3, layout_vaults_omnicross,
          nicolae_trove_entry_path_of_doom, uniq_margery, uniq_mennas,
          uniq_bai_suzhen
Vaults:3: minmay_crypt_entry_necro_gods, special_room_vaults [special_room_orc],
          v_misc_3, ontoclasm_vaults_ring_large, grunt_vaults_hallway_long,
          v_misc_9, nicolae_vaults_apartment_2, dpeg_vaults_monster_row,
          nicolae_vaults_trapezoid_3, nicolae_vaults_storage_closets_1,
          vaults_room_stairs_pillars, vaults_room_hallway,
          nicolae_vaults_tangram_1, ontoclasm_vaults_shuriken,
          layout_vaults_ring, uniq_zenata, uniq_frederick
Vaults:4: vaults_room_pool, grunt_vaults_hallway_long, vaults_room_door_hall,
          nicolae_vaults_diamond_2, v_rooms_2, v_misc_19, v_misc_29,
          nicolae_vaults_specimen_jars, nicolae_vaults_bisected_slash,
          layout_vaults_big_room
Vaults:5: uniq_boris
Crypt:1:  layout_rooms, amcnicky_mini_pool_small, hangedman_batty,
          grunt_crypt_arrival_webbed
Crypt:2:  layout_chaotic_city, basic_altar, lemuel_upstairs_altar
Crypt:3:  quadcrypt_mu
Depths:1: layout_twisted_cross, nicolae_abyss_entry_one_way_or_another,
          hellmouth_3, nicolae_concentric_dashed_squares_mild, glass_columns_c,
          minmay_swirly_circle
Depths:2: minmay_inside_and_out, layout_basic, enter_ziggurat_b,
          grunt_hell_entry_dis_old, rand_demon_pan_entry_4, fountainhead
Depths:3: minmay_spiral_squares, layout_gridville,
          hangedman_abyss_or_decor_slice, abyss_entry, hell_entry,
          serial_bayou_pond_e, minivault_22, uniq_sojobo
Depths:4: evilmike_zot_entry_basic, layout_cave_shapes, grunt_qazlal_clouds,
          hell_entry
Hell
Tar:1:    layout_catacombs, nicolae_tar_combbox
Tar:2:    nicolae_tar_funeral_procession, layout_cathedral_of_symmetry,
          nicolae_tar_honey_rotating
Tar:3:    layout_catacombs, nicolae_tar_cuneiform_not, evilmike_ambush
          [evilmike_ambush_outer_basic, evilmike_ambush_inner_basic]
Zot:1:    hangedman_orp_of_zott, layout_basic
Zot:2:    layout_cathedral_of_symmetry, regret_index_zotdec_glowing_original,
          grunt_megastairs_3
Zot:3:    layout_misc_corridors, uniq_josephina
Zot:4:    kennysheep_room_grid, layout_basic, st_small_dragon_hoard_5

Skill      XL: |  1  2  3  4  5  6  7  8  9 10 11 12 13 14 15 16 17 18 19 20 21 22 23 24 25 26 27 |
---------------+----------------------------------------------------------------------------------+-----
Conjurations   | 5 6 7 8 10 11 12 13 14 15 16 18 20 21 | 21.0
Spellcasting   | 4 5 6 9 11 12 14 15 16 17 20 21 22 24 | 24.0
Alchemy        | 3 |  3.0
Fighting       | 2 4 7 8 9 11 12 13 15 16 | 16.4
Dodging        | 4 7 11 13 15 16 17 19 | 19.2
Translocations | 2 4 |  4.0
Fire Magic     | 2 6 8 9 10 13 16 18 20 21 | 21.0
Armour         | 4 5 6 |  6.0
Shields        | 2 7 10 11 | 11.0
Earth Magic    | 2 4 6 |  6.1
Necromancy     | 5 6 |  6.0
Air Magic      | 3 4 |  4.0
Ice Magic      | 5 10 15 18 20 | 20.0
Shapeshifting  | 7 12 18 20 | 20.7
Stealth        | |  2.4

Action                     |  1- 3 |  4- 6 |  7- 9 | 10-12 | 13-15 | 16-18 | 19-21 | 22-24 | 25-27 || total
---------------------------+-------+-------+-------+-------+-------+-------+-------+-------+-------++-------
  Melee: Dagger            |       |     1 |     4 |       |       |       |       |       |       ||     5
         Punch             |       |       |     1 |       |       |       |       |       |       ||     1
         War axe           |       |       |     1 |     1 |       |       |       |       |       ||     2
         Shillelagh        |       |       |       |     7 |       |       |       |       |       ||     7
         Demon whip        |       |       |       |       |     3 |     3 |       |     7 |       ||    13
         Staff             |       |       |       |       |     1 |     6 |     6 |       |       ||    13
   Cast: Magic Dart        |    44 |    66 |    93 |   165 |   214 |   254 |   114 |    16 |       ||   966
         Searing Ray       |     3 |    17 |    68 |    99 |   112 |    48 |     6 |     5 |       ||   358
         Fulminant Prism   |       |       |    24 |    70 |    52 |    10 |     2 |       |       ||   158
         Iskenderun's Myst |       |       |     4 |    28 |    48 |    35 |    36 |    27 |    32 ||   210
         Teleport Other    |       |       |       |     3 |       |       |       |       |       ||     3
         Fireball          |       |       |       |    12 |   176 |   235 |   200 |       |       ||   623
         Iskenderun's Batt |       |       |       |     2 |   106 |   139 |   102 |    12 |       ||   361
         Starburst         |       |       |       |       |    14 |    18 |    14 |     4 |       ||    50
         Bombard           |       |       |       |       |       |    32 |    33 |    36 |    75 ||   176
         Freezing Cloud    |       |       |       |       |       |    53 |    11 |    17 |     3 ||    84
         Sublimation of Bl |       |       |       |       |       |    15 |    24 |    42 |    40 ||   121
         Ignition          |       |       |       |       |       |       |    18 |     7 |     5 ||    30
         Fire Storm        |       |       |       |       |       |       |    95 |   261 |   354 ||   710
         Polar Vortex      |       |       |       |       |       |       |       |       |     2 ||     2
  Evoke: Wand              |       |       |       |       |     1 |     1 |       |       |     2 ||     4
    Use: Scroll            |       |     3 |     4 |     8 |     6 |    10 |     4 |     3 |       ||    38
         Potion            |       |       |       |     8 |     2 |     5 |     3 |     1 |       ||    19
 Armour: Robe              |     2 |     6 |    33 |    71 |   130 |    87 |    66 |    52 |    38 ||   485
  Dodge: Dodged            |     3 |    19 |    74 |   259 |   274 |   132 |    79 |    37 |    24 ||   901
         Repelled          |       |       |       |       |       |    12 |    10 |     2 |     7 ||    31
  Block: Buckler           |       |       |       |       |     3 |    56 |    92 |    33 |    17 ||   201
         Reflection        |       |       |       |       |       |     8 |    43 |     7 |     2 ||    60

Table legend: (Time is in decaauts)
 A = Elapsed time spent in this place.
 B = Non-inter-level travel time spent in this place.
 C = Inter-level travel time spent in this place.
 D = Time resting spent in this place.
 E = Time spent auto-exploring this place.
 F = Levels seen in this place.
 G = Mean time per level.
                   A        B        C        D        E       F      G
               +--------+--------+--------+--------+--------+-----+--------+
         Total |  88889 |  81464 |   7425 |  29514 |  32778 |  62 | 1433.7 |
       Dungeon |  23107 |  19589 |   3518 |   6172 |   8952 |  15 | 1540.5 |
        Temple |      1 |      1 |      0 |      0 |      0 |   1 |    1.0 |
          Lair |  10169 |   9327 |    842 |   3736 |   3273 |   5 | 2033.8 |
        Shoals |   4411 |   4247 |    164 |    919 |   2294 |   4 | 1102.8 |
     Snake Pit |   7860 |   7506 |    354 |   3080 |   2589 |   4 | 1965.0 |
    Slime Pits |   2829 |   2650 |    179 |    401 |   1748 |   5 |  565.8 |
  Orcish Mines |   2588 |   2293 |    295 |    947 |    759 |   2 | 1294.0 |
   Elven Halls |   6701 |   6457 |    244 |   2816 |   1573 |   3 | 2233.7 |
        Vaults |   8856 |   7906 |    950 |   2086 |   3926 |   5 | 1771.2 |
         Crypt |   4825 |   4650 |    175 |   2381 |   1357 |   3 | 1608.3 |
        Depths |   7421 |   6912 |    509 |   2372 |   3376 |   4 | 1855.2 |
          Hell |    898 |    898 |      0 |    270 |    484 |   1 |  898.0 |
      Tartarus |    784 |    743 |     41 |    294 |    132 |   3 |  261.3 |
           Zot |   5848 |   5698 |    150 |   2597 |   2233 |   4 | 1462.0 |
       Ossuary |    861 |    861 |      0 |    484 |     44 |   1 |  861.0 |
        Bailey |   1287 |   1287 |      0 |    751 |     35 |   1 | 1287.0 |
      Gauntlet |    435 |    435 |      0 |    208 |      0 |   1 |  435.0 |
               +--------+--------+--------+--------+--------+-----+--------+

Top non-repeatable levels by time:
    D:11: 3773 daAuts
 Snake:2: 3400 daAuts
 Crypt:3: 2793 daAuts
   Elf:3: 2721 daAuts
  Lair:5: 2684 daAuts
Depths:3: 2665 daAuts
Vaults:1: 2656 daAuts
     D:5: 2336 daAuts
   Elf:2: 2227 daAuts
  Lair:4: 2144 daAuts
Depths:2: 2119 daAuts
    D:12: 2066 daAuts
  Lair:3: 1987 daAuts
 Snake:4: 1923 daAuts
   Zot:4: 1863 daAuts
